 Dungeon Crawl Stone Soup version 0.31-a0-971-g75a2e9a4b4 (webtiles) character file.

Game seed: 18085289719432984972

16338 Shayle the Nimble (level 12, -8/76 (80) HPs)
             Began as a Tengu Hexslinger on Oct 28, 2023.
             Was a Priest of Ru.
             Mangled by a six-headed hydra (9 damage)
             ... on level 2 of the Lair of Beasts.
             The game lasted 00:46:23 (14649 turns).

Shayle the Nimble (Tengu Hexslinger)               Turns: 14649, Time: 00:46:24

HP:   -8/76 (80)    AC:  5    Str:  9    XL:     12   Next: 36%
MP:   0/14          EV: 28    Int: 14    God:    Ru [***...]
Gold: 474           SH:  7    Dex: 27    Spells: 8/13 levels left

rFire   + .          .
                       - Unarmed
rCold   . . .        D - +0 buckler
rNeg    . . .        G - +0 steam dragon scales
rPois   .            (helmet restricted)
rElec   .            (no cloak)
rCorr   .            (no gloves)
SInv    .            (boots unavailable)
Will    .....        j - amulet of guardian spirit
Stlth   ++           L - +6 ring of dexterity
HPRegen 0.32/turn    k - ring of protection from fire
MPRegen 0.14/turn

%: inaccuracy (-5), acrobat, guardian spirit
@: exhausted, flying, drained
A: beak, talons 3, hated by all, disrupted magic 1, evasive flight, missing an
eye, acrobatic
a: Renounce Religion, Draw Out Power


You were on level 2 of the Lair of Beasts.
You worshipped Ru.
Ru was most pleased with you.
You visited 3 branches of the dungeon, and saw 14 of its levels.
You also visited: Ossuary.

You collected 642 gold pieces.
You spent 168 gold pieces at shops.

Inventory:

Hand Weapons
 a - a +1 sling
 b - a +2 eveningstar
 q - a +2 short sword of holy wrath
 J - a +2 heavy long sword
 N - a +2 dagger of venom
Missiles
 F - 8 curare-tipped darts
 P - a throwing net
Armour
 c - a +0 robe
 l - a +0 ring mail of fire resistance
 r - a +0 ring mail
 B - +0 acid dragon scales
 D - a +0 buckler (worn)
 G - +0 steam dragon scales (worn)
 I - a +3 scale mail
 R - the +0 pair of gloves of Valour {Rampage rPois Will++ Int-2}
   (You found it on level 1 of the Lair of Beasts)

   Int-2:     It affects your intelligence (-2).
   rPois:     It protects you from poison Will++: It greatly increases your
   willpower.
   Rampage:   It bestows one free step when moving towards enemies.
Jewellery
 g - a ring of wizardry
 j - an amulet of guardian spirit (around neck)
 k - a ring of protection from fire (right hand)
 x - a ring of magical power
 y - a ring of resist corrosion
 E - a ring of see invisible
 K - a ring of ice
 L - a +6 ring of dexterity (left hand)
 O - an amulet of magic regeneration
 V - a +6 ring of intelligence
Talismans
 H - a blade talisman
Wands
 w - a wand of flame (12)
 M - a wand of iceblast (5)
 S - a wand of light (6)
Scrolls
 h - 2 scrolls of teleportation
 i - 3 scrolls of amnesia
 n - a scroll of immolation
 Q - a scroll of fear
 U - a scroll of vulnerability
 W - a scroll of enchant weapon
Potions
 d - a potion of magic
 e - 3 potions of cancellation
 m - a potion of lignification
 o - 2 potions of haste
 p - 2 potions of brilliance
 s - a potion of degeneration
 t - 6 potions of attraction
 v - 3 potions of enlightenment
 z - 3 potions of mutation
 A - a potion of curing
 C - 2 potions of resistance


   Skills:
 + Level 11.4 Fighting
 - Level 2.1 Ranged Weapons
 + Level 12.4 Dodging
 - Level 4.0 Shields
 + Level 12.2 Unarmed Combat
 - Level 1.0 Spellcasting
 - Level 2.1 Hexes
 - Level 1.1 Fire Magic


You had 8 spell levels left.
You knew the following spells:

 Your Spells              Type           Power      Damage    Failure   Level
a - Jinxbite              Hex            12%        N/A       32%         2
b - Mephitic Cloud        Conj/Pois/Air  0%         N/A       82%         3

Your spell library contained the following spells:

 Spells                   Type           Power      Damage    Failure   Level
 Slow                     Hex            24%        N/A       22%         1
 Necrotise                Necr           0%         1d4       45%         1
 Confusing Touch          Hex            6%         N/A       52%         3
 Sigil of Binding         Hex            6%         N/A       52%         3
 Poisonous Vapours        Pois/Air       0%         N/A       58%         2
 Inner Flame              Hex/Fire       5%         N/A       61%         3
 Vampiric Draining        Necr           0%         2d6       82%         3
 Cause Fear               Hex            3%         N/A       88%         4
 Dimensional Bullseye     Hex/Tloc       1%         N/A       96%         4
 Leda's Liquefaction      Hex/Erth       1%         N/A       96%         4
 Agony                    Necr           0%         N/A       100%        5
 Freezing Cloud           Conj/Ice/Air   0%         6-21      100%        5
 Summon Small Mammal      Summ           Unusable   N/A       N/A         1
 Summon Guardian Golem    Hex/Summ       Unusable   N/A       N/A         3
 Call Canine Familiar     Summ           Unusable   N/A       N/A         3

Dungeon Overview and Level Annotations

Branches:
Dungeon (10/15)            Temple (1/1) D:6            Lair (3/5) D:9
  Swamp (0/4) Lair:2        Snake (0/4) Lair:3      Ossuary (visited)
    Orc: D:9-12

Altars:
Ashenzari
Cheibriados
Dithmenos
Elyvilon
Gozag
Kikubaaqudgha
Nemelex Xobeh
Okawaru
Qazlal
Ru
Sif Muna
Trog
Uskayaw
Vehumet
Wu Jian
Xom
Zin
The Shining One

Shops:
D:1 (   D:7 [

Annotations:
D:8 1 runed translucent door, jestert79's ghost, novice FoFi
D:10 3 runed translucent doors, p00ps00p's ghost, journeyman HOFi
Lair:1 1 runed translucent door, Cistriuss's ghost, journeyman DgFi


Innate Abilities, Weirdness & Mutations

You have a beak for a mouth.
You have claws for feet.
You are hated by all.
Your casting is slightly disrupted.
Your magical flight helps you evade attacks. (EV +4)
You are missing an eye, making it more difficult to aim.
You can magically evade attacks while moving or waiting.


Message History

The elephant closely misses you. x2
You barely miss the six-headed hydra.
The six-headed hydra is lightly wounded.
The six-headed hydra closely misses you.
The six-headed hydra completely misses you.
The six-headed hydra bites you!
The six-headed hydra closely misses you.
You block the six-headed hydra's attack.
The six-headed hydra completely misses you.
The elephant tramples you but does no damage.
The elephant completely misses you.
You hit the six-headed hydra. You claw the six-headed hydra!
The six-headed hydra is moderately wounded.
The six-headed hydra bites you!
The six-headed hydra closely misses you.
You block the six-headed hydra's attack.
The six-headed hydra bites you!
* * * LOW HITPOINT WARNING * * *
The six-headed hydra bites you.
* * * LOW HITPOINT WARNING * * *
The six-headed hydra closely misses you.
The elephant misses you. You block the elephant's attack.
You punch the six-headed hydra! You peck the six-headed hydra.
The six-headed hydra is heavily wounded.
You block the six-headed hydra's attack.
The six-headed hydra completely misses you.
You block the six-headed hydra's attack.
The six-headed hydra completely misses you.
The six-headed hydra closely misses you.
The six-headed hydra bites you!
* * * LOW HITPOINT WARNING * * *
The elephant completely misses you. You block the elephant's attack.
You hit the six-headed hydra.
The six-headed hydra is heavily wounded.
The elephant completely misses you. x2
The six-headed hydra bites you but does no damage.
The six-headed hydra bites you.
The six-headed hydra completely misses you.
The six-headed hydra misses you. The six-headed hydra bites you!
You die... #.# #. #.# #.. #SP

#... #.####....
#S#P#.$...
####Yi.......
##.PDiY.......
#..@YhSh......
#P..##S##.#)...
######hi# # ...


#hhh# #....).# ##i## ##....... #h######..<..... #ik#P##.........
#............... #.....#......... You could see a six-headed hydra, 3 elephants,
a black mamba, 2 water moccasins, 3 spriggans and 2 wolves.

Vanquished Creatures
  An eleionoma (Lair:2)
  A two-headed ogre (D:10)
  Sonja (D:10)
  A black mamba (Lair:1)
  2 centaur zombies (D:10)
  4 cane toads (Lair:1)
  2 rime drakes
  A komodo dragon (Lair:1)
  A troll (D:10)
  2 spriggans (Lair:2)
  Sigmund (D:6)
  32 yaks
  2 wyverns
  A wraith (D:10)
  A steam dragon (D:7)
  4 vampire mosquitoes (D:10)
  Edmund (D:5)
  2 acid dragons
  5 water moccasins
  2 sky beasts
  An orc warrior (D:8)
  5 black bears
  An ice beast (D:8)
  3 centaurs
  4 wolves (Lair:2)
  4 kobold brigands
  2 phantoms
  9 bullfrogs
  3 elf zombies (Ossuary)
  A scorpion (D:9)
  2 gnoll sergeants (D:9)
  3 wights
  6 killer bees
  A howler monkey (D:8)
  A hound (D:6)
  An orc priest (D:8)
  7 human zombies (Ossuary)
  A gnoll bouda (D:6)
  2 jellies
  Ijyb (D:5)
  2 iguanas (D:5)
  4 orc wizards
  A mummy (Ossuary)
  16 gnolls
  4 adders
  3 shadow imps
  4 ufetubi
  3 worms
  27 orcs
  7 endoplasms
  3 giant cockroaches (D:4)
  8 goblins
  11 hobgoblins
  4 jackals (D:2)
  19 kobolds
  2 quokkas
  8 ball pythons
  4 bats
  3 frilled lizards
  5 rats
263 creatures vanquished.

Vanquished Creatures (collateral kills)
  An elf zombie (Ossuary)
  A mummy (Ossuary)
  An adder (D:5)
  An orc (D:5)
4 creatures vanquished.

Vanquished Creatures (others)
  A black mamba (Lair:2)
  A torpor snail (Lair:1)
  A human zombie (Ossuary)
  A mummy (Ossuary)
  A kobold (D:8)
5 creatures vanquished.

Grand Total: 272 creatures vanquished

Notes
Turn   | Place    | Note
-------+----------+-------------------------------------------
     0 | D:1      | Shayle the Tengu Hexslinger began the quest for the Orb.
     0 | D:1      | Reached XP level 1. HP: 12/12 MP: 3/3
    35 | D:1      | Found a faded altar of an unknown god.
    93 | D:1      | Reached XP level 2. HP: 16/16 MP: 4/4
   239 | D:1      | Reached skill level 1 in Unarmed Combat
   278 | D:1      | Found Dumo's Antique Weapon Shoppe.
   656 | D:2      | Reached XP level 3. HP: 21/21 MP: 3/5
  1263 | D:2      | Learned a level 2 spell: Jinxbite
  1475 | D:2      | Reached XP level 4. HP: 23/26 MP: 2/6
  1967 | D:2      | Reached XP level 5. HP: 22/32 MP: 3/7
  2557 | D:4      | Noticed a phantom
  2599 | D:4      | Killed a phantom
  2656 | D:4      | Found a hazy altar of Hepliaklqana.
  2690 | D:4      | Reached XP level 6. HP: 37/37 MP: 8/8
  3251 | D:5      | Entered Level 5 of the Dungeon
  3273 | D:5      | Noticed Ijyb
  3297 | D:5      | Killed Ijyb
  3466 | D:5      | Found a blossoming altar of Fedhas.
  3469 | D:5      | Noticed a black bear
  3504 | D:5      | Killed a black bear
  3774 | D:5      | Noticed Edmund
  3817 | D:6      | Noticed Sigmund
  3858 | D:5      | HP: 1/24 [Edmund/+1 dire flail of draining (1)]
  3864 | D:5      | Killed Edmund
  3865 | D:5      | Reached skill level 5 in Dodging
  3865 | D:5      | Gained mutation: Your magical flight helps you evade
                  | attacks. (EV +4) [Tengu growth]
  3865 | D:5      | Reached XP level 7. HP: 12/35 MP: 0/9
  4709 | D:6      | Found a stormy altar of Qazlal.
  5120 | D:6      | Found a staircase to the Ecumenical Temple.
  5134 | Temple   | Entered the Ecumenical Temple
  5152 | Temple   | Became a worshipper of Ru the Awakened
  5242 | D:7      | Reached skill level 5 in Unarmed Combat
  5246 | D:7      | Reached skill level 5 in Fighting
  5294 | D:7      | Found Zareuniy's Antique Armour Emporium.
  5310 | D:7      | Bought a glowing ring mail for 168 gold pieces
  5366 | D:7      | Found a sand-covered staircase.
  5372 | Ossuary  | Entered an ossuary
  5410 | Ossuary  | Reached XP level 8. HP: 36/49 MP: 6/10
  6412 | D:6      | Killed Sigmund
  6413 | D:6      | Reached XP level 9. HP: 40/56 MP: 6/11
  7546 | D:7      | Gained mutation: You are hated by all. [Ru sacrifice]
  7546 | D:7      | Reached * piety under Ru
  7546 | D:7      | Reached ** piety under Ru
  7706 | D:7      | Found an ornate altar of the Wu Jian Council.
  7831 | D:8      | Noticed jestert79's ghost (novice FoFi)
  7848 | D:8      | Found a runed translucent door.
  9023 | D:9      | Reached skill level 1 in Shields
  9057 | D:10     | Entered Level 10 of the Dungeon
  9069 | D:10     | Reached XP level 10. HP: 60/64 MP: 8/12
  9203 | D:10     | Found a runed translucent gate.
  9203 | D:10     | Found a runed translucent gate.
  9203 | D:10     | Found a runed translucent gate.
  9203 | D:10     | Noticed p00ps00p's ghost (journeyman HOFi)
  9889 | D:10     | Noticed a two-headed ogre
  9909 | D:10     | Killed a two-headed ogre
 10130 | D:10     | Reached skill level 10 in Dodging
 10416 | D:10     | Reached XP level 11. HP: 62/71 MP: 7/13
 10490 | D:10     | Reached skill level 10 in Unarmed Combat
 11070 | D:10     | Noticed Sonja
 11086 | D:10     | Killed Sonja
 11500 | D:9      | Gained mutation: You are missing an eye, making it more
                  | difficult to aim. [Ru sacrifice]
 11500 | D:9      | Reached *** piety under Ru
 11774 | D:9      | Reached skill level 10 in Fighting
 11862 | D:9      | Learned a level 3 spell: Mephitic Cloud
 11899 | D:9      | Found a staircase to the Lair.
 11908 | D:15     | Identified the "Veyphuko"
 11908 | Lair:1   | Entered Level 1 of the Lair of Beasts
 12272 | Lair:1   | Identified the +0 pair of gloves of Valour {Rampage rPois
                  | Will++ Int-2}
 13086 | D:8      | Reached XP level 12. HP: 54/79 MP: 10/14
 13611 | Lair:1   | Found a runed translucent door.
 13612 | Lair:1   | Noticed a four-headed hydra
 13612 | Lair:1   | Noticed Cistriuss's ghost (journeyman DgFi)
 14361 | Lair:2   | You are sucked into a shaft and drop 1 floor!
 14430 | Lair:3   | Gained mutation: Your casting is slightly disrupted. [Ru
                  | sacrifice]
 14485 | Lair:3   | Found a staircase to the Snake Pit.
 14519 | Lair:2   | Noticed a six-headed hydra
 14548 | Lair:2   | Found a staircase to the Swamp.
 14549 | Lair:2   | Noticed an eleionoma
 14623 | Lair:2   | Killed an eleionoma
 14648 | Lair:2   | HP: 1/76 [six-headed hydra (10)]
 14649 | Lair:2   | Mangled by a six-headed hydra

Illustrated notes

Levels and vault maps discovered:
D:1:      minmay_arrival_up_and_down, layout_rooms, serial_shops, shop,
          chequers_ecumenical_altar_simple
D:2:      layout_basic, roderic_serpentine_path
D:3:      layout_loops_cross, kennysheep_generic_room_5
D:4:      layout_basic, mainiacjoe_overflow_paths
D:5:      layout_basic, amcnicky_altar_gilded, minmay_misc_feat_x,
          minmay_misc_feat_encased, nicolae_letterblocks
          [nicolae_letter_subblock, nicolae_letter_subblock,
          nicolae_letter_subblock, nicolae_letter_subblock,
          nicolae_letter_subblock, nicolae_letter_subblock,
          nicolae_letter_subblock, nicolae_letter_subblock,
          nicolae_letter_subblock, nicolae_letter_subblock,
          nicolae_letter_subblock, nicolae_letter_subblock,
          nicolae_letter_subblock, nicolae_letter_subblock,
          nicolae_letter_subblock, nicolae_letter_subblock,
          nicolae_letter_subblock, nicolae_letter_subblock,
          nicolae_letter_subblock, nicolae_letter_subblock,
          nicolae_letter_subblock, nicolae_letter_subblock,
          nicolae_letter_subblock, nicolae_letter_subblock,
          nicolae_letter_subblock], uniq_ijyb, uniq_edmund
D:6:      layout_loops_cross, nicolae_qazlal_scattered_showers,
          minmay_temple_entry_offerings, uniq_sigmund
D:7:      layout_loops_ring, nicolae_wu_jian_immortal_techniques,
          nicolae_ossuary_entry_plus, serial_shops, nicolae_shop_peninsula
D:8:      layout_gridville, hellmonk_ghost_happy_afterlife,
          kennysheep_generic_room_10
D:9:      layout_small_grid, pf_just_have_faith, due_lair_maze_entry_diamond,
          serial_shops, nicolae_shop_just_a_little_nook
D:10:     layout_gridville, nicolae_yredelemnul_ghost_church, uniq_sonja
Temple:   kb_temple_of_zot
Lair:1:   layout_concentric_octagons, ebering_ghost_inner_flame,
          serial_bayou_shore_a
Lair:2:   layout_gridlike, alex1729_swamp_entry_worm_eleionoma,
          gauntlet_entry_generic, wad_woods_01, serial_bayou_shore_b,
          lemuel_fruit_fields, lemuel_fruit_fields
Lair:3:   layout_regular_city, nicolae_snake_entry_warm_welcome,
          grunt_megastairs_1, uniq_nessos

Skill      XL: |  1  2  3  4  5  6  7  8  9 10 11 12 |
---------------+-------------------------------------+-----
Unarmed Combat | 1 2 3 4 5 6 8 9 11 12 | 12.2
Fighting       | 2 3 4 5 6 8 9 10 11 | 11.4
Dodging        | 3 4 5 7 8 10 11 12 | 12.4
Shields        | 1 4 |  4.0
Ranged Weapons | |  2.1
Spellcasting   | |  1.0
Hexes          | |  2.1
Fire Magic     | |  1.1

Action                     |  1- 3 |  4- 6 |  7- 9 | 10-12 || total
---------------------------+-------+-------+-------+-------++-------
  Melee: Sling             |       |     1 |       |       ||     1
         Short sword       |       |     3 |   181 |       ||   184
         Peck              |       |     2 |    72 |   165 ||   239
         Kick              |       |     1 |   142 |   243 ||   386
         Unarmed           |       |     1 |   154 |   611 ||   766
         Punch             |       |       |    16 |     9 ||    25
   Fire: Sling             |   109 |   222 |    97 |    36 ||   464
   Cast: Jinxbite          |     2 |    25 |    30 |    72 ||   129
 Invoke: Sacrifice Love    |       |       |     1 |       ||     1
         Sacrifice an Eye  |       |       |       |     1 ||     1
         Draw Out Power    |       |       |       |     1 ||     1
         Sacrifice Essence |       |       |       |     1 ||     1
  Evoke: Wand              |       |     2 |     6 |     4 ||    12
    Use: Potion            |       |     7 |     4 |     6 ||    17
         Scroll            |       |     4 |    13 |    13 ||    30
   Stab: Sleeping          |       |       |     1 |       ||     1
         Invisible         |       |       |       |     2 ||     2
         Distracted        |       |       |       |     2 ||     2
 Armour: Robe              |    23 |       |       |       ||    23
         Ring mail         |       |   147 |   166 |       ||   313
         Steam dragon scal |       |       |    52 |   178 ||   230
  Dodge: Dodged            |    42 |   120 |   426 |   641 ||  1229
  Block: Buckler           |       |       |       |   168 ||   168

Table legend: (Time is in decaauts)
 A = Elapsed time spent in this place.
 B = Non-inter-level travel time spent in this place.
 C = Inter-level travel time spent in this place.
 D = Time resting spent in this place.
 E = Time spent auto-exploring this place.
 F = Levels seen in this place.
 G = Mean time per level.
                   A        B        C        D        E       F      G
               +--------+--------+--------+--------+--------+-----+--------+
         Total |  14753 |  14056 |    697 |   3793 |   6000 |  15 |  983.5 |
       Dungeon |  12222 |  11561 |    661 |   3158 |   5081 |  10 | 1222.2 |
        Temple |     37 |     37 |      0 |      0 |      0 |   1 |   37.0 |
          Lair |   2116 |   2080 |     36 |    586 |    840 |   3 |  705.3 |
       Ossuary |    376 |    376 |      0 |     49 |     79 |   1 |  376.0 |
               +--------+--------+--------+--------+--------+-----+--------+

Top non-repeatable levels by time:
    D:10: 2281 daAuts
  Lair:1: 1728 daAuts
     D:5: 1551 daAuts
     D:2: 1542 daAuts
     D:8: 1407 daAuts
     D:6: 1283 daAuts
     D:7: 1051 daAuts
     D:9: 970 daAuts
     D:4: 904 daAuts
     D:3: 752 daAuts
     D:1: 477 daAuts
 Ossuary: 376 daAuts
  Lair:2: 242 daAuts
  Lair:3: 144 daAuts
  Temple: 37 daAuts
